 Dungeon Crawl Stone Soup version 0.29.1-15-g9cfb28693d (webtiles) character file.

Game seed: 6130622807684609687

28 croobank the Firebug (level 3, -1/21 HPs)
             Began as a Demonspawn Fire Elementalist on Mar 20, 2023.
             Succumbed to an adder's poison
             ... on level 2 of the Dungeon.
             The game lasted 00:04:24 (1416 turns).

croobank the Firebug (Demonspawn Fire Elementalist) Turns: 1416, Time: 00:04:24

Health: -1/21      AC:  4    Str:  8    XL:     3   Next: 0%
Magic:  1/15       EV: 12    Int: 18    God:
Gold:   26         SH:  0    Dex: 13    Spells: 3/6 levels left

rFire   + . .      SeeInvis .   g - +0 dagger
rCold   + . .      Faith    .   (no shield)
rNeg    . . .      Spirit   .   a - +0 robe
rPois   +          Reflect  .   (helmet restricted)
rElec   +          Harm     .   (no cloak)
rCorr   +          Rampage  .   (no gloves)
Will    .....                   (no boots)
Stlth   ++........              (no amulet)
HPRegen 0.07/turn               i - ring of magical power
MPRegen 0.14/turn               (no ring)

@: lethally poisoned (-1 -> -8), resistant, attractive
A: antennae 1, icy blue scales 1, frail 1, MP-powered wands
a: no special abilities


You were on level 2 of the Dungeon.
You visited 1 branch of the dungeon, and saw 2 of its levels.

You collected 26 gold pieces.

Inventory:

Hand Weapons
 g - a +0 dagger (weapon)
Missiles
 j - 4 poisoned darts
Armour
 a - a +0 robe (worn)
 c - a +2 ring mail of positive energy
Jewellery
 i - a ring of magical power (left hand)
Scrolls
 f - a scroll of amnesia {unknown}
 k - 2 scrolls of identify {unknown}
 m - a scroll of butterflies {unknown}
Potions
 b - a potion of magic


   Skills:
 + Level 2.4 Armour
 - Level 1.7 Dodging
 - Level 1.7 Stealth
 - Level 2.0 Spellcasting
 - Level 1.0 Conjurations
 - Level 2.6 Fire Magic


You had 3 spell levels left.
You knew the following spells:

 Your Spells              Type           Power      Damage    Failure   Level
a - Foxfire               Conj/Fire      32%        2x1d5     9%          1
b - Scorch                Fire           22%        2d6       9%          2

Your spell library contained the following spells:

 Spells                   Type           Power      Damage    Failure   Level
 Conjure Flame            Conj/Fire      8%         6-21      26%         3
 Inner Flame              Hex/Fire       6%         N/A       30%         3
 Flame Wave               Conj/Fire      8%         2d5       63%         4


Dungeon Overview and Level Annotations

Branches:
Dungeon (2/15)

Altars:

Shops:
D:1 *


Innate Abilities, Weirdness & Mutations

You have a pair of small antennae on your head.
You are partially covered in icy blue scales. (AC +2)
You are frail. (-10% HP)
You expend magic power (3 MP) to strengthen your wands.


Message History

You hit the adder.
The adder is severely wounded.
The adder bites you.
You are poisoned.
The adder poisons you! The adder closely misses you.
You feel sick.
Casting: Foxfire (safe; 9% risk of failure)
Confirm with . or Enter, or press ? or * to list all spells.
You conjure some foxfire!
You feel sick. The adder bites you.
You are more poisoned.
The adder poisons you!
Your magical contamination has completely faded away.
You barely miss the adder.
The adder is severely wounded.
You feel sick.
The foxfire hits the adder.
The adder is almost dead.
The adder closely misses you.
Okay, then.
It was a potion of mutation.
You feel extremely strange.
You feel frail.
You feel your magical essence link to the dungeon's wands.
You feel sick.
The adder closely misses you. x2; The adder misses you.
It was a potion of resistance.
You feel protected.
You feel sick. The adder bites you.
You are lethally poisoned!
The adder poisons you! The adder bites you but does no damage.
It was a potion of attraction.
You feel attractive to monsters.
* * * LOW HITPOINT WARNING * * *
You feel sick. The adder barely misses you. The adder closely misses you.
You feel your magic capacity increase.
i - a ring of magical power (left hand)
* * * LOW HITPOINT WARNING * * *
You feel sick. The adder bites you.
* * * LOW HITPOINT WARNING * * *
The adder bites you but does no damage.
As you read the scroll labelled HOXECK RIEPIGA, it crumbles to dust.
Wisps of shadow whirl around you...
It was a scroll of summoning.
You die...

#.# #.# #S# #.##
... #.##
######..##.#
#@SB.......#
#S#####.#### #g#
#.# #.# #.#
#.#####.#
#.##....#
#.....).#
####....##########
##.#.......(..#


You could see 2 adders, a friendly giant cockroach (summoned) and a friendly
goblin (summoned).

Vanquished Creatures
  2 giant cockroaches (D:1)
  4 goblins
  3 hobgoblins
  3 quokkas (D:1)
  4 ball pythons
  4 bats (D:1)
  A frilled lizard (D:1)
  2 kobolds
  3 rats
26 creatures vanquished.

Vanquished Creatures (others)
  49 foxfires
49 creatures vanquished.

Grand Total: 75 creatures vanquished

Notes
Turn   | Place    | Note
-------+----------+-------------------------------------------
     0 | D:1      | croobank the Demonspawn Fire Elementalist began the quest
                  | for the Orb.
     0 | D:1      | Reached XP level 1. HP: 13/13 MP: 3/3
   250 | D:1      | Reached skill level 1 in Armour
   304 | D:1      | Gained mutation: You are partially covered in icy blue
                  | scales. (AC +2) [demonic ancestry]
   304 | D:1      | Reached XP level 2. HP: 11/19 MP: 3/5
   593 | D:1      | Learned a level 2 spell: Scorch
   811 | D:1      | Found Ommoez's General Store.
   944 | D:1      | Found a faded altar of an unknown god.
  1398 | D:2      | Gained mutation: You have a pair of small antennae on your
                  | head. [demonic ancestry]
  1398 | D:2      | Reached XP level 3. HP: 24/24 MP: 1/6
  1412 | D:2      | Gained mutation: You are frail. (-10% HP) [potion of
                  | mutation]
  1412 | D:2      | Gained mutation: You expend magic power (3 MP) to
                  | strengthen your wands. [potion of mutation]
  1415 | D:2      | HP: 1/21 [adder (4)]
  1416 | D:2      | Succumbed to an adder's poison

Illustrated notes

Levels and vault maps discovered:
D:1:      saegor_arrival_miasma, layout_rooms, serial_shops,
          nicolae_shop_statue_plus, chequers_ecumenical_altar_island
D:2:      layout_loops_ring, corexii_shack

Skill      XL: |  1  2 |
---------------+-------+-----
Armour         | 1 2 |  2.4
Dodging        | |  1.7
Stealth        | |  1.7
Spellcasting   | |  2.0
Conjurations   | |  1.0
Fire Magic     | |  2.6

Action                   || total
-------------------------++-------
Melee: Dagger            ||    36
       Unarmed           ||     4
 Cast: Foxfire           ||    29
       Scorch            ||     7
  Use: Potion            ||     5
       Scroll            ||     1
Armor: Ring mail         ||    20
       Robe              ||     3
Dodge: Dodged            ||    39
